 Dungeon Crawl Stone Soup version 0.20-a0-277-g7db01f4 (webtiles) character file.

65 KristoblXynda the Stinger (level 3, -11/26 HPs)
             Began as a Draconian Venom Mage on Dec 13, 2016.
             Killed by nerve-wracking pain
             ... invoked by Grinder
              (14 damage)
             ... on level 3 of the Dungeon.
             The game lasted 00:06:39 (2194 turns).

KristoblXynda the Stinger (Draconian Venom Mage)    Turns: 2194, Time: 00:06:39

Health: -11/26     AC:  8    Str:  9 (10) XL:     3   Next: 92%
Magic:  1/7        EV: 12    Int: 14 (16) God:
Gold:   58         SH:  0    Dex: 10 (11) Spells: 3/7 levels left

rFire  . . .     SeeInvis .     (no weapon)
rCold  . . .     Gourm    .     (armour unavailable)
rNeg   . . .     Faith    .     (no shield)
rPois  .         Spirit   .     (helmet restricted)
rElec  .         Reflect  .     (no cloak)
rCorr  .         Harm     .     j - +2 pair of gloves
MR     .....                    (no boots)
Stlth  ++........               (no amulet)
                                (no ring)
                                (no ring)

@: very slightly contaminated
A: unfitting armour, cold-blooded, AC +5
a: no special abilities


You were on level 3 of the Dungeon.
You were not hungry.

You visited 1 branch of the dungeon, and saw 3 of its levels.

You collected 58 gold pieces.

Inventory:

Armour
 j - a +2 pair of gloves (worn)
Jewellery
 h - a +2 ring of strength
 p - an uncursed ring of stealth {unknown}
Potions
 g - a potion of might
Comestibles
 b - 2 bread rations
 f - 2 meat rations
 m - 4 chunks of flesh


   Skills:
 - Level 1.7 Dodging
 - Level 1.7 Stealth
 + Level 2.7 Spellcasting
 + Level 1.4 Conjurations
 + Level 4.7 Poison Magic


You had 3 spell levels left.
You knew the following spells:

 Your Spells              Type           Power        Failure   Level  Hunger
a - Sting                 Conj/Pois      ##..         10%         1    #......
b - Mephitic Cloud        Conj/Pois/Air  #.......     30%         3    ###....


Dungeon Overview and Level Annotations

Branches:
Dungeon (3/15)

Altars:
Ru
Uskayaw

Annotations:
D:3 Grinder, Robin


Innate Abilities, Weirdness & Mutations

Your plain brown scales are hard. (AC +5)
You cannot fit into any form of body armour.
You are cold-blooded and may be slowed by cold attacks.


Message History

Robin is engulfed in noxious fumes.
Robin appears confused.
Robin completely misses the ball python.
An orc comes into view. It is wielding a whip.
Things that are here:
a dagger; a hunting sling; 17 stones It was a potion of degeneration.
There was something very wrong with that liquid.
You feel weakened.
You feel dopey.
You feel clumsy. The goblin completely misses you.
The hobgoblin barely misses you.
Grinder says, "Wait up."
Grinder hits you.
* * * LOW HITPOINT WARNING * * *
You writhe in agony.
* * * LOW HITPOINT WARNING * * *
The goblin hits you but does no damage.
Robin is engulfed in noxious fumes.
Robin appears confused.
Grinder gestures at you. Pain shoots through your body!
Ouch! That really hurt!
You die...

>.. .. # #####.## .. .
#......#.#.###########..
#...............S..g....
#.....##.## #@§g...o..
#.......... #gg5g.o..#
#.<...# #gggg....#
#..§).+ #gg....%.#
#..§§## #........#
#.)§§# #........# #..§§#
#.)......# #..§§#
########## ######


You could see Grinder, Robin (confused), 2 orcs, 2 hobgoblins, 8 goblins and a
ball python (confused).

Vanquished Creatures
  2 worms
  2 dart slugs (D:1)
  A leopard gecko (D:1)
  4 orcs (D:3)
  A ball python (D:2)
  5 bats
  2 goblins (D:3)
  5 hobgoblins
  10 jackals
  5 kobolds
  2 frilled lizards (D:1)
  5 rats
44 creatures vanquished.

Notes
Turn   | Place    | Note
-------+----------+-------------------------------------------
     0 | D:1      | KristoblXynda the Draconian Venom Mage began the quest for the Orb.
     0 | D:1      | Reached XP level 1. HP: 14/14 MP: 3/3
   201 | D:1      | Reached XP level 2. HP: 10/20 MP: 1/5
   862 | D:1      | Reached XP level 3. HP: 26/26 MP: 3/6
   867 | D:1      | Learned a level 3 spell: Mephitic Cloud
  1581 | D:2      | Reached skill level 1 in Conjurations
  1764 | D:2      | Found a sacrificial altar of Ru.
  1764 | D:2      | Found a hide-covered altar of Uskayaw.
  2187 | D:3      | Noticed Grinder
  2187 | D:3      | Noticed Robin
  2194 | D:3      | Killed from afar by Grinder

Vault maps used:
D:1:      tarquinn_simple_flora_water_d, supply_closet_lemuel
D:2:      chequers_temple_overflow_statue_of_worship
D:3:      uniq_natasha, uniq_grinder, uniq_robin

Skill      XL: |  1  2  3 |
---------------+----------+-----
Conjurations   | 1 |  1.4
Dodging        | |  1.7
Stealth        | |  1.7
Spellcasting   | |  2.7
Poison Magic   | |  4.7

Action                   || total
-------------------------++-------
Melee: Unarmed           ||   125
       Tailslap          ||    18
 Cast: Sting             ||    70
       Mephitic Cloud    ||     1
  Use: Scroll            ||     7
       Potion            ||     6
  Eat: Chunk             ||     5
Armor: Skin              ||    43
Dodge: Dodged            ||    80
